 Dungeon Crawl Stone Soup version 0.17.0-26-gececa24 (webtiles) character file.

5662 Medar the Destroyer (level 10, 0/64 HPs)
             Began as a Tengu Wizard on Nov 19, 2015.
             Was an Elder of Zin.
             Slain by a porcupine (1 damage)
             ... on level 1 of the Lair of Beasts.
             The game lasted 00:37:06 (13125 turns).

Medar the Destroyer (Tengu Wizard)                 Turns: 13125, Time: 00:37:06

Health: 0/64       AC: 12    Str: 12    XL:     10   Next: 75%
Magic:  6/20       EV: 14    Int: 22    God:    Zin [****..]
Gold:   557        SH:  0    Dex: 14    Spells: 7 memorised, 5 levels left

rFire  + . .     SeeInvis .     a - staff of air
rCold  x . .     Clarity  .     F - +2 ring mail {rPois}
rNeg   . . .     SustAt   .     (no shield)
rPois  ∞         Gourm    .     L - +2 hat
rElec  +         Spirit   .     (no cloak)
rCorr  .         Warding  .     n - +1 pair of gloves
rMut   .         Stasis   .     (boots unavailable)
MR     +....                    (no amulet)
Stlth  +.........               k - ring of protection from magic
                                y - ring of fire

@: vitalised, flying quickly and evasively, very slightly contaminated, quick,
somewhat resistant to hostile enchantments, very unstealthy
A: beak, talons 3, robust 1, able to fly 1
a: Recite, Vitalisation, Imprison, Donate Gold, Renounce Religion


You were on level 1 of the Lair of Beasts.
You worshipped Zin.
Zin was greatly pleased with you.
You were hungry.

You visited 3 branches of the dungeon, and saw 11 of its levels.

You collected 618 gold pieces.
You donated 61 gold pieces to Zin.

Inventory:

Hand Weapons
 l - a +0 short sword
 z - a +0 morningstar
 B - a +0 blowgun
 C - a +0 scimitar
Missiles
 w - 7 curare-tipped needles
 G - 30 poisoned needles
Armour
 n - a +1 pair of gloves (worn)
 s - a +0 shield
 F - a +2 ring mail of poison resistance (worn)
 L - a +2 hat (worn)
Magical Staves
 a - an uncursed staff of air (weapon)
Jewellery
 c - an uncursed ring of stealth
 k - a ring of protection from magic (right hand)
 y - a ring of fire (left hand)
Wands
 f - a wand of confusion (22)
 J - a wand of frost (24)
Scrolls
 e - 2 scrolls of enchant armour
 p - 3 scrolls of remove curse {@r1}
 r - 2 scrolls of enchant weapon
 t - a scroll of teleportation
 E - 3 scrolls of amnesia
 H - a scroll of vulnerability {unknown}
Potions
 b - a potion of invisibility
 h - a potion of resistance
 u - 2 potions of lignification
 v - 2 potions of cure mutation {!q}
 x - a potion of might
 A - 2 potions of magic
 I - 4 potions of heal wounds
 N - a potion of curing {@q1}
Books
 K - a book of Burglary

   Spells                             Type                      Level
   a - Swiftness                      Charms/Air                   2
   b - Passwall                       Transmutation/Earth          3
   c - Passage of Golubria            Translocation                4
   d - Lee's Rapid Deconstruction     Earth                        5
   e - Darkness                       Hexes                        6
   f - Invisibility                   Hexes                        6
Comestibles
 d - 6 bread rations {@e1}
 q - 3 fruits {@e3}
 D - 3 meat rations {@e2}
 M - 4 slices of pizza


   Skills:
 - Level 5.0 Fighting
 - Level 5.1 Staves
 - Level 4.0 Armour
 - Level 3.2 Dodging
 - Level 2.0 Stealth
 - Level 6.2 Spellcasting
 + Level 9.3 Conjurations
 - Level 1.6 Charms
   Level 1.2 Summonings
 - Level 2.7 Translocations
 - Level 3.6 Air Magic
 - Level 1.4 Earth Magic
 - Level 2.6 Poison Magic
 - Level 4.1 Invocations
 - Level 5.1 Evocations


You had 5 spell levels left.
You knew the following spells:

 Your Spells              Type           Power        Failure   Level  Hunger
b - Blink                 Tloc           N/A          12%         2    None
c - Stone Arrow           Conj/Erth      ###...       10%         3    #......
e - Swiftness             Chrm/Air       ####....     12%         2    None
f - Mephitic Cloud        Conj/Pois/Air  #####...     10%         3    #......
m - Repel Missiles        Chrm/Air       ####..       12%         2    None
x - Magic Dart            Conj           ####         1%          1    None
F - Conjure Flame         Conj/Fire      #####...     10%         3    #......


Dungeon Overview and Level Annotations

Branches:
Dungeon (8/15)             Temple (1/1) D:5            Lair (2/8) D:8

Altars:
Ashenzari
Cheibriados
Dithmenos
Elyvilon
Fedhas
Gozag
Kikubaaqudgha
Nemelex Xobeh
Okawaru
Qazlal
Ru
Sif Muna
Trog
Vehumet
Xom
Yredelemnul
Zin
The Shining One

Shops:
D:5 }

Annotations:
D:4 Anothat's ghost, amateur FoFi
Lair:1 Gastronok; lucasterio's ghost, journeyman MiBe


Innate Abilities, Weirdness & Mutations

You have a beak for a mouth.
You have claws for feet.
You can fly.
You are robust (+10% HP).


Message History

The giant frog gives a loud, deep croak!
Found 19 gold pieces.
The yak bellows!
The giant frog hits the fungus. x2
A porcupine comes into view.
The porcupine misses you. The giant frog hits you.
* * * LOW HITPOINT WARNING * * *
There is a stone staircase leading up, spattered with blood here.
The porcupine bites you!
* * * LOW HITPOINT WARNING * * *
The giant frog hits you.
* * * LOW HITPOINT WARNING * * *
The porcupine bites you but does no damage.
You fly upwards.
Level annotation: Gastronok; lucasterio's ghost, journeyman MiBe
There is a stone staircase leading down here.
Zin grants you divine stamina. The giant frog closely misses you.
The porcupine bites you.
You die...

.##....'..............#..........
..'...S##.............#.....#....
.########.....#.......P..........
#######.....#.............#....
............###.P...#........#P
................$..............
.......................h.......
..............Fr...............
..............@...$............
......................
###.'##.....##.##.###.
##.#.#....##.# # .##....##..
#.... #... . #.. ....


You could see a giant frog and a porcupine.

Vanquished Creatures
  A spiny frog (Lair:1)
  Grinder (D:6)
  A trapdoor spider zombie (D:5)
  Sigmund (D:6)
  5 yaks
  A hippogriff (Lair:1)
  A human (D:7)
  A wolf (Lair:1)
  2 porcupines
  3 sky beasts
  A black bear (D:8)
  An orc warrior (D:8)
  A phantom (D:7)
  An eye of draining (D:8)
  4 ogres
  A necrophage (D:8)
  3 centaurs
  A big kobold (D:8)
  6 giant frogs
  2 crocodiles
  An elf skeleton (D:7)
  6 killer bees (D:7)
  A scorpion (D:8)
  3 wights
  5 orc priests
  3 crimson imps (D:5)
  2 giant frog zombies
  A hound (D:4)
  A giant frog skeleton (D:8)
  2 orc wizards
  3 jellies
  A quasit (D:8)
  3 human zombies (D:7)
  11 worker ants
  2 centaur skeletons
  A human skeleton (D:7)
  3 iguanas
  2 killer bee zombies (D:8)
  3 sheep (D:7)
  3 mummies (D:7)
  Robin (D:3)
  7 adders
  2 gnolls (D:8)
  4 river rats (Lair:2)
  2 worms (D:3)
  5 giant geckos
  22 orcs
  7 giant cockroaches
  12 hobgoblins
  4 jackals
  6 quokkas
  5 bats
  4 giant newts
  12 goblins
  10 kobolds
  An orc zombie (D:7)
  A quokka skeleton (D:4)
  9 rats
  2 fungi (D:8)
211 creatures vanquished.

Vanquished Creatures (others)
  An orc (D:7)
1 creature vanquished.

Grand Total: 212 creatures vanquished

Notes
Turn   | Place    | Note
--------------------------------------------------------------
     0 | D:1      | Medar the Tengu Wizard began the quest for the Orb.
     0 | D:1      | Reached XP level 1. HP: 10/10 MP: 5/5
   478 | D:1      | Reached XP level 2. HP: 13/15 MP: 0/7
   679 | D:1      | Learned a level 2 spell: Call Imp
   682 | D:1      | Learned a level 2 spell: Blink
   685 | D:1      | Learned a level 2 spell: Repel Missiles
  1373 | D:2      | Found a glowing golden altar of the Shining One.
  1404 | D:2      | Found a basalt altar of Yredelemnul.
  1406 | D:2      | Noticed a profane servitor
  1420 | D:2      | Noticed an angel
  1672 | D:2      | Found a deep blue altar of Sif Muna.
  1801 | D:2      | Reached XP level 3. HP: 19/19 MP: 6/8
  1904 | D:3      | Reached skill level 4 in Conjurations
  1922 | D:3      | Found a blossoming altar of Fedhas.
  1961 | D:3      | Reached skill level 1 in Translocations
  1961 | D:3      | Reached skill level 1 in Air Magic
  2004 | D:3      | Reached XP level 4. HP: 20/24 MP: 3/9
  2082 | D:3      | Reached skill level 1 in Charms
  2485 | D:2      | Gained mutation: You can fly. [Tengu growth]
  2485 | D:2      | Reached XP level 5. HP: 10/28 MP: 2/11
  2697 | D:3      | Learned a level 3 spell: Mephitic Cloud
  2952 | D:3      | Found an opulent altar of Gozag.
  3641 | D:4      | Noticed an ogre
  3656 | D:4      | Killed an ogre
  3656 | D:4      | Reached XP level 6. HP: 32/32 MP: 0/13
  3965 | D:3      | Noticed Robin
  3971 | D:3      | Killed Robin
  4064 | D:4      | Found an opulent altar of Gozag.
  4116 | D:4      | Reached skill level 5 in Conjurations
  4133 | D:4      | Noticed Anothat's ghost (amateur FoFi)
  4495 | D:3      | Learned a level 3 spell: Conjure Flame
  4788 | D:4      | Found a sacrificial altar of Ru.
  5105 | D:4      | Reached skill level 6 in Conjurations
  5105 | D:4      | Reached XP level 7. HP: 36/36 MP: 6/14
  5163 | D:5      | Entered Level 5 of the Dungeon
  5339 | D:5      | Reached skill level 1 in Armour
  5454 | D:5      | Noticed a trapdoor spider zombie
  5465 | D:5      | Killed a trapdoor spider zombie
  5655 | D:5      | Found a staircase to the Ecumenical Temple.
  5659 | Temple   | Entered the Ecumenical Temple
  5719 | Temple   | Became a worshipper of Zin the Law-Giver
  5719 | Temple   | Reached * piety under Zin
  5891 | D:5      | Reached XP level 8. HP: 39/41 MP: 8/15
  5946 | D:5      | Found a shimmering altar of Xom.
  6137 | D:5      | Found Moehoido's Gadget Shop.
  6228 | D:5      | Reached ** piety under Zin
  6506 | D:6      | Gained mutation: You are robust (+10% HP). [mutagenic meat]
  6577 | D:6      | Noticed Sigmund
  6589 | D:6      | Killed Sigmund
  6758 | D:6      | Found a shattered altar of Ashenzari.
  6764 | D:6      | Noticed Grinder
  6788 | D:6      | Reached skill level 5 in Spellcasting
  6971 | D:6      | Killed Grinder
  6971 | D:6      | Reached XP level 9. HP: 32/49 MP: 6/18
  7113 | D:6      | Reached skill level 1 in Fighting
  7703 | D:7      | Found a snail-covered altar of Cheibriados.
  7984 | D:7      | Reached *** piety under Zin
  8606 | D:7      | Reached skill level 5 in Fighting
  9329 | D:7      | Found an ancient bone altar of Kikubaaqudgha.
  9361 | D:7      | Reached skill level 5 in Staves
  9485 | D:7      | Reached skill level 1 in Evocations
 10104 | D:8      | Reached XP level 10. HP: 64/64 MP: 14/20
 10621 | D:8      | Reached **** piety under Zin
 11022 | D:8      | Reached skill level 5 in Evocations
 11149 | D:8      | Found a staircase to the Lair.
 11213 | D:8      | Found an iron altar of Okawaru.
 11625 | D:8      | Learned a level 3 spell: Stone Arrow
 11626 | Lair:1   | Entered Level 1 of the Lair of Beasts
 11807 | Lair:1   | Reached skill level 1 in Earth Magic
 11828 | Lair:1   | Reached skill level 7 in Conjurations
 12192 | Lair:1   | Reached skill level 8 in Conjurations
 12232 | Lair:1   | Noticed Gastronok
 12338 | Lair:1   | Learned a level 2 spell: Swiftness
 12439 | Lair:1   | Noticed lucasterio's ghost (journeyman MiBe)
 12727 | Lair:2   | Reached skill level 9 in Conjurations
 13123 | Lair:2   | HP: 1/64 [giant frog (5)]
 13125 | Lair:1   | Slain by a porcupine

Action                   |  1- 3 |  4- 6 |  7- 9 | 10-12 || total
-------------------------+-------+-------+-------+-------++-------
Melee: Short sword       |     2 |     2 |       |       ||     4
       Unarmed           |     2 |       |       |       ||     2
       Dagger            |       |    56 |     8 |       ||    64
       Scimitar          |       |       |    44 |       ||    44
       Staff             |       |       |    68 |   153 ||   221
 Cast: Magic Dart        |    57 |   152 |   385 |   183 ||   777
       Repel Missiles    |     1 |     2 |       |       ||     3
       Call Imp          |     2 |     2 |       |       ||     4
       Mephitic Cloud    |       |     5 |    10 |    16 ||    31
       Conjure Flame     |       |       |    14 |     7 ||    21
       Blink             |       |       |     2 |     6 ||     8
       Stone Arrow       |       |       |       |    13 ||    13
Invok: Recite            |       |       |       |     4 ||     4
       Vitalisation      |       |       |       |     1 ||     1
 Abil: Fly               |       |     1 |       |     1 ||     2
Evoke: Wand              |       |       |       |     6 ||     6
  Use: Scroll            |     2 |     2 |     5 |    12 ||    21
       Potion            |     3 |       |       |       ||     3
 Stab: Confused          |       |     1 |       |     9 ||    10
       Sleeping          |       |       |     2 |       ||     2
  Eat: Chunk             |     3 |    10 |     7 |     5 ||    25
       Meat ration       |       |     1 |     1 |       ||     2
       Beef jerky        |       |       |     3 |     1 ||     4
       Pizza             |       |       |     1 |     2 ||     3
